 Dungeon Crawl Stone Soup version 0.16-a0-223-g37887f7 (webtiles) character file.

9184 Gruud the Carver (level 11, -8/72 HPs)
             Began as a Demonspawn Ice Elementalist on Aug 18, 2014.
             Mangled by a yak (14 damage)
             ... on Level 1 of the Lair of Beasts on Aug 20, 2014.
             The game lasted 01:53:46 (16825 turns).

Gruud the Carver (Demonspawn Ice Elementalist)     Turns: 16825, Time: 01:53:46

HP  -8/72        AC 14     Str  9      XL: 11   Next: 19%
MP  16/21        EV 23     Int 16      God:
Gold 665         SH  0     Dex 22      Spells:  6 memorised,  2 levels left

rFire  . . .     SeeInvis +     a - +3 great sword (freeze)
rCold  + . .     Clarity  .     Y - +2 robe {rC+}
rNeg   . . .     rCorr    .     (no shield)
rPois  .         rRot     .     (helmet unavailable)
rElec  .         Spirit   .     I - +1 cloak
SustAb +         Warding  .     s - +0 pair of gloves
rMut   +         Stasis   .     T - +0 pair of boots
Gourm  .                        k - amulet of resist mutation
MR     +....                    B - ring of sustain abilities
                                L - ring of protection from magic

@: agile, icy armour, somewhat resistant to hostile enchantments, quite stealthy
A: antennae 3, nightstalker 2, powered by pain 2
a: no special abilities


You were on level 1 of the Lair of Beasts.
You were hungry.

You visited 4 branches of the dungeon, and saw 15 of its levels.
You also visited: Ossuary.

You collected 665 gold pieces.

Inventory:

Hand weapons
 a - a +3 great sword of freezing (weapon)
 b - a +2 dagger of venom
 C - a +0 blowgun
 K - a +0 shortbow
Missiles
 h - a throwing net
 n - 14 exploding sling bullets
 D - 60 stones (quivered)
 J - 23 poisoned needles
 P - 18 arrows of dispersal
 U - 3 curare-tipped needles
Armour
 s - a +0 pair of gloves (worn)
 I - a +1 cloak (worn)
 T - a +0 pair of boots (worn)
 Y - a +2 robe of cold resistance (worn)
Magical devices
 t - a wand of flame (5)
 u - a wand of lightning (2)
 y - a wand of magic darts (6)
 M - a wand of fire (1)
 R - a wand of teleportation (4)
 Z - a wand of flame (9)
Comestibles
 c - 5 bread rations
 j - a chunk of adder flesh
 o - 3 chunks of giant frog flesh
 v - 22 fruits
 w - 5 meat rations
 W - a royal jelly
Scrolls
 g - 2 scrolls of amnesia
 l - a scroll of magic mapping
 m - a scroll of teleportation
 q - 2 scrolls of enchant weapon
 r - 7 scrolls of remove curse
 x - a scroll of vulnerability {unknown}
 F - a scroll of recharging {unknown}
 G - 2 scrolls of enchant armour
 H - 2 scrolls of blinking
Jewellery
 k - an amulet of resist mutation (around neck)
 z - an uncursed ring of ice
 B - a ring of sustain abilities (right hand)
 L - a ring of protection from magic (left hand)
Potions
 e - a potion of restore abilities
 f - a potion of berserk rage
 i - 2 potions of flight
 p - a potion of beneficial mutation {unknown}
 A - 4 potions of magic
 N - 3 potions of brilliance
 O - a potion of curing
 Q - a potion of might {unknown}
 V - 2 potions of cure mutation {unknown}
 X - a potion of degeneration {unknown}
Books
 d - a book of Frost

   Spells                             Type                      Level
   *Freeze                            Ice                          1
   Throw Frost                        Conjuration/Ice              2
   *Ozocubu's Armour                  Charms/Ice                   3
   Throw Icicle                       Conjuration/Ice              4
   *Summon Ice Beast                  Ice/Summoning                4
   *Condensation Shield               Ice                          4
 E - a book of Spatial Translocations

   Spells                             Type                      Level
   Apportation                        Translocation                1
   *Blink                             Translocation                2
   *Shroud of Golubria                Charms/Translocation         2
   Portal Projectile                  Translocation                3
   Teleport Other                     Translocation                3
   Passage of Golubria                Translocation                4


   Skills:
 - Level 2.2 Fighting
 * Level 10.9 Long Blades
 + Level 6.1 Dodging
 - Level 1.7 Stealth
 - Level 4.0 Spellcasting
   Level 1.0 Conjurations
 + Level 9.7 Ice Magic


You had 2 spell levels left.
You knew the following spells:

 Your Spells              Type           Power        Failure   Level  Hunger
a - Freeze                Ice            ####         1%          1    None
b - Blink                 Tloc           N/A          24%         2    ##.....
c - Ozocubu's Armour      Chrm/Ice       ###.....     10%         3    ###....
d - Condensation Shield   Ice            ####......   3%          4    ####...
e - Summon Ice Beast      Ice/Summ       ###.....     28%         4    ####...
f - Shroud of Golubria    Chrm/Tloc      #.........   24%         2    ##.....


Dungeon Overview and Level Annotations

Branches:
Dungeon (12/15)            Temple (1/1) D:5             Orc (1/4) D:9
   Lair (1/8) D:8

Altars:
Ashenzari
Cheibriados
Dithmenos
Elyvilon
Fedhas
Gozag
Kikubaaqudgha
Makhleb
Nemelex Xobeh
Okawaru
Qazlal
Sif Muna
Trog
Vehumet
Xom
Yredelemnul
Zin
The Shining One

Shops:
D:8 }

Annotations:
D:4 Grinder
D:5 wullow's ghost, experienced GrGl
D:10 Nergalle; Sonja


Innate Abilities, Weirdness & Mutations

You have a pair of large antennae on your head (SInv).
You are significantly more attuned to the shadows.
You sometimes gain power by taking damage.


Message History

The yak is almost dead.
The yak gores you but does no damage.
You slice the yak!! You freeze the yak.
You kill the yak!
The yak gores you!
* * * LOW HITPOINT WARNING * * *
You focus on the pain.
You feel agile all of a sudden.
You slash the yak! You freeze the yak.
You kill the yak!
You slash the yak! You freeze the yak.
The yak is severely wounded.
The yak gores you!
* * * LOW HITPOINT WARNING * * *
Drink which item? (? for menu, Esc to quit)
Okay, then.
Casting: Freeze
Confirm with . or Enter, or press ? or * to list all spells.
Your icy armour thickens.
The yak gores you!
You die...

##'###.#### ..
#......:>.##...
#...............
#........%#....
#.......=..#..
#####..+.###
###.## #..# ##@#
#Y# .........#
./......+
........#
.......# ......#
...


You could see a yak.

Vanquished Creatures
  Fannar (D:11)
  2 trolls
  2 two-headed ogres
  A hydra skeleton (D:9)
  4 yaks
  2 wyverns (D:11)
  Grum (D:8)
  A soldier ant (D:10)
  2 hungry ghosts
  A hill giant skeleton (D:8)
  2 wolves (D:8)
  2 water moccasins (Lair:1)
  5 sky beasts
  2 black bears
  3 orc warriors
  2 phantoms
  A porcupine (Lair:1)
  An ice beast (D:11)
  5 centaurs
  A crocodile (D:8)
  A necrophage (D:9)
  2 ogres
  8 giant frogs
  A scorpion (D:7)
  A yak zombie (D:8)
  5 killer bees (D:11)
  18 wights
  2 jellies (D:8)
  3 crimson imps
  A centaur skeleton (D:8)
  A gnoll shaman (D:6)
  Crazy Yiuf (D:4)
  A giant frog skeleton (D:7)
  2 iguanas
  8 orc priests
  6 hounds
  5 orc wizards
  7 worker ants
  Ijyb (D:2)
  4 big kobold zombies (Ossuary)
  2 hound zombies
  A mummy (Ossuary)
  11 adders
  A worker ant zombie (D:5)
  5 gnolls (D:6)
  9 green rats
  2 shadow imps
  4 worms (D:2)
  An iguana zombie (D:5)
  5 giant geckos
  53 orcs
  3 spectral bats (Ossuary)
  2 ball pythons
  24 bats
  3 bat simulacra (Ossuary)
  6 giant cockroaches
  13 goblins
  18 hobgoblins
  10 jackals
  4 giant newts
  A giant spore (D:9)
  6 gnoll zombies (Ossuary)
  2 goblin simulacra (Ossuary)
  8 goblin zombies
  A hobgoblin skeleton (D:7)
  A hobgoblin zombie (Ossuary)
  13 kobolds
  5 kobold simulacra (Ossuary)
  5 kobold zombies (Ossuary)
  4 orc zombies
  4 quokkas
  A quokka zombie (D:5)
  49 rats
  4 rat simulacra (Ossuary)
  3 spectral goblins (Ossuary)
  3 spectral kobolds (Ossuary)
  3 spectral rats (Ossuary)
  4 ballistomycetes (D:8)
413 creatures vanquished.

Vanquished Creatures (collateral kills)
  A killer bee (D:11)
1 creature vanquished.

Vanquished Creatures (others)
  2 ice beasts
  A centaur (D:5)
  A big kobold zombie (Ossuary)
  A gnoll zombie (Ossuary)
  A giant spore (D:8)
  2 orc zombies (Ossuary)
  A rat simulacrum (Ossuary)
  A ballistomycete (D:8)
  A fungus (D:8)
11 creatures vanquished.

Grand Total: 425 creatures vanquished

Notes
Turn   | Place    | Note
--------------------------------------------------------------
     0 | D:1      | Gruud, the Demonspawn Ice Elementalist, began the quest for the Orb.
     0 | D:1      | Reached XP level 1. HP: 13/13 MP: 3/3
   205 | D:1      | Reached skill level 3 in Ice Magic
   236 | D:1      | Gained mutation: You are slightly more attuned to the shadows. [demonic ancestry]
   236 | D:1      | Reached XP level 2. HP: 17/20 MP: 2/4
   459 | D:1      | Reached skill level 1 in Fighting
   953 | D:1      | Gained mutation: You are significantly more attuned to the shadows. [demonic ancestry]
   953 | D:1      | Reached XP level 3. HP: 19/26 MP: 3/6
  1427 | D:2      | Noticed Ijyb
  1468 | D:1      | Learned a level 2 spell: Throw Frost
  1472 | D:1      | Learned a level 3 spell: Ozocubu's Armour
  1709 | D:2      | Killed Ijyb
  1709 | D:2      | Reached skill level 4 in Ice Magic
  1709 | D:2      | Gained mutation: You have a pair of small antennae on your head. [demonic ancestry]
  1709 | D:2      | Reached XP level 4. HP: 26/33 MP: 0/7
  3025 | D:3      | Gained mutation: You sometimes gain a little power by taking damage. [demonic ancestry]
  3025 | D:3      | Reached XP level 5. HP: 34/38 MP: 2/9
  3413 | D:3      | Reached skill level 1 in Long Blades
  4190 | D:4      | Reached skill level 5 in Ice Magic
  4294 | D:4      | Gained mutation: You have a pair of antennae on your head. [demonic ancestry]
  4294 | D:4      | Reached XP level 6. HP: 38/44 MP: 10/10
  5323 | D:4      | Noticed Crazy Yiuf
  5350 | D:4      | Killed Crazy Yiuf
  5525 | D:4      | Noticed Grinder
  5532 | D:4      | Paralysed by Grinder for 5 turns
  5658 | D:5      | Entered Level 5 of the Dungeon
  5665 | D:5      | Reached skill level 6 in Ice Magic
  5665 | D:5      | Gained mutation: You sometimes gain power by taking damage. [demonic ancestry]
  5665 | D:5      | Reached XP level 7. HP: 45/50 MP: 8/12
  5932 | D:5      | Found a sand-covered staircase.
  5954 | Ossuary  | Entered an ossuary
  6979 | D:5      | Noticed wullow's ghost (experienced GrGl)
  7127 | D:5      | Found a bloodstained altar of Trog.
  7145 | D:5      | Found a staircase to the Ecumenical Temple.
  7153 | Temple   | Entered the Ecumenical Temple
  7936 | D:6      | Gained mutation: You have a pair of large antennae on your head (SInv). [demonic ancestry]
  7936 | D:6      | Reached XP level 8. HP: 56/56 MP: 13/13
  8178 | D:6      | Learned a level 4 spell: Condensation Shield
  8216 | D:7      | Reached skill level 5 in Long Blades
  8216 | D:7      | Reached skill level 7 in Ice Magic
  9001 | D:6      | Found an opulent altar of Gozag.
  9001 | D:6      | Found a glowing silver altar of Zin.
 10311 | D:8      | Found Groqoc's Gadget Shoppe.
 10692 | D:8      | Noticed Grum
 10703 | D:8      | Killed Grum
 10703 | D:8      | Reached XP level 9. HP: 31/61 MP: 1/14
 11046 | D:8      | Found a staircase to the Lair.
 11326 | D:8      | Reached skill level 8 in Ice Magic
 11919 | D:9      | Found a staircase to the Orcish Mines.
 12073 | D:9      | Reached skill level 5 in Dodging
 12769 | D:9      | Reached XP level 10. HP: 50/67 MP: 9/16
 12880 | D:9      | Reached skill level 9 in Long Blades
 13083 | D:10     | Entered Level 10 of the Dungeon
 13256 | D:10     | Noticed a hill giant
 14032 | D:10     | Noticed Nergalle
 14186 | D:10     | Noticed Sonja
 14229 | D:9      | HP: 3/67 [poisoned by Sonja]
 14234 | D:9      | HP: 3/67 [poisoned by Sonja]
 14240 | D:9      | HP: 2/67 [poisoned by Sonja]
 14702 | D:10     | Learned a level 4 spell: Summon Ice Beast
 14914 | D:11     | Reached skill level 10 in Long Blades
 14933 | D:11     | Learned a level 2 spell: Blink
 15450 | D:11     | Noticed Fannar
 15464 | D:11     | Killed Fannar
 15563 | D:11     | Reached XP level 11. HP: 50/72 MP: 15/20
 16212 | Orc:1    | Entered Level 1 of the Orcish Mines
 16436 | Lair:1   | Entered Level 1 of the Lair of Beasts
 16788 | Lair:1   | Learned a level 2 spell: Shroud of Golubria
 16825 | Lair:1   | Mangled by a yak

Action                   |  1- 3 |  4- 6 |  7- 9 | 10-12 || total
-------------------------+-------+-------+-------+-------++-------
Melee: Unarmed           |    69 |       |       |       ||    69
       Dagger            |    48 |    84 |       |       ||   132
       Scimitar          |       |   215 |   192 |       ||   407
       Long sword        |       |       |   448 |    50 ||   498
       Great sword       |       |       |       |   285 ||   285
 Fire: Blowgun           |       |       |     6 |    27 ||    33
Throw: Stone             |       |     3 |     8 |     4 ||    15
 Cast: Freeze            |    49 |    45 |    59 |    19 ||   172
       Throw Frost       |       |    29 |    11 |     1 ||    41
       Ozocubu's Armour  |       |     5 |    34 |    26 ||    65
       Condensation Shie |       |       |    12 |    11 ||    23
       Summon Ice Beast  |       |       |       |     3 ||     3
       Blink             |       |       |       |     1 ||     1
Evoke: Wand              |       |       |    10 |    17 ||    27
  Use: Scroll            |     2 |     6 |    14 |     8 ||    30
       Potion            |       |     1 |     9 |     3 ||    13
 Stab: Sleeping          |     4 |    15 |    22 |    11 ||    52
       Distracted        |       |     1 |     3 |     1 ||     5
  Eat: Chunk             |     3 |    18 |    21 |    17 ||    59
       Fruit             |       |       |     6 |     2 ||     8
       Beef jerky        |       |       |     3 |     1 ||     4
       Pizza             |       |       |     2 |       ||     2
